 Dungeon Crawl Stone Soup version 0.20.1-1-g8b1a95d66d (webtiles) character file.

631076 Jerry the Executioner (level 27, -9/267 (268) HPs)
             Began as a Demonspawn Chaos Knight on Nov 21, 2017.
             Was the Champion of Kikubaaqudgha.
             Killed by divine providence
             ... invoked by a greater mummy
             ... led by Khufu
              (12 damage)
             ... on level 3 of the Tomb of the Ancients on Nov 22, 2017.
             The game lasted 07:32:12 (73497 turns).

Jerry the Executioner (Demonspawn Chaos Knight)    Turns: 73497, Time: 07:32:12

HP:   -9/267 (268)  AC: 38    Str: 28    XL:     27
MP:   33/33         EV: 25    Int: 13    God:    Kikubaaqudgha [******]
Gold: 4175          SH: 16    Dex: 25    Spells: 14/40 levels left

rFire    + + .     SeeInvis .   r - +9 broad axe (chop)
rCold    + + +     Gourm    .   A - +2 buckler
rNeg     + + .     Faith    .   y - +9 plate armour {rC+}
rPois    +         Spirit   .   (helmet unavailable)
rElec    +         Reflect  +   D - +2 cloak
rCorr    .         Harm     .   M - +2 pair of gloves {Dex+3}
MR       +++++                  (boots unavailable)
Stlth    +++++.....             I - +6 amulet of reflection
Regen    0.0/turn               P - ring "Paseegg" {rPois rC++ rN+ Str+4 Int-3}
MPRegen  0.3/turn               O - ring of Vaidik {Fire rElec rN+ MR+ Slay-3}

@: lethally poisoned (-9 -> -39), non-regenerating, diseased, hasted and slowed
A: horns 3, talons 3, thin skeletal structure 3, blink, cold resistance 1, fire
resistance 1, magic resistance 2, nightstalker 3, passive freeze, sense
surroundings 1, poison resistance, powered by death 3, robust 2, shaggy fur 3,
electricity resistance, strong 2, wild magic 1, freezing cloud immunity
}: 3/15 runes: barnacled, silver, gossamer
a: Blink, Receive Corpses, Torment, Renounce Religion


You were on level 3 of the Tomb of the Ancients.
You worshipped Kikubaaqudgha.
Kikubaaqudgha was exalted by your worship.
You were full.

You visited 12 branches of the dungeon, and saw 51 of its levels.
You visited 1 bazaar.
You also visited: Ice Cave.

You collected 9261 gold pieces.
You spent 5086 gold pieces at shops.

Inventory:

Hand Weapons
 r - a +9 broad axe of chopping (weapon)
 z - the +2 broad axe "Ushru" {drain, SInv}
   (You bought it in a shop on level 2 of the Vaults)

   A truly terrible weapon, it drains the life of those it strikes.
   It lets you see invisible.
Armour
 y - a +9 plate armour of cold resistance (worn)
 A - a +2 buckler (worn)
 D - a +2 cloak (worn)
 M - a +2 pair of gloves of dexterity (worn)
Jewellery
 I - a +6 amulet of reflection (around neck)
 N - the ring of the Jolly Blessings {+Fly rF+ rC+ Str+3 Dex+3}
   (You found it on level 3 of the Crypt)

   [ring of flight]

   It affects your strength (+3).
   It affects your dexterity (+3).
   It protects you from fire.
   It protects you from cold.
   It lets you fly.
 O - the ring of Vaidik (right hand) {Fire rElec rN+ MR+ Slay-3}
   (You bought it in a shop on level 2 of the Orcish Mines)

   [ring of fire]

   It enhances your fire magic.
   It affects your accuracy and damage with ranged weapons and melee attacks
   (-3).
   It protects you from fire.
   It makes you vulnerable to cold.
   It insulates you from electricity.
   It protects you from negative energy.
   It affects your resistance to hostile enchantments.
 P - the ring "Paseegg" (left hand) {rPois rC++ rN+ Str+4 Int-3}
   (You found it on level 2 of the Crypt)

   [ring of poison resistance]

   It affects your strength (+4).
   It affects your intelligence (-3).
   It greatly protects you from cold.
   It protects you from poison.
   It protects you from negative energy.
Wands
 w - a wand of digging (18/24)
Scrolls
 b - 9 scrolls of amnesia
 f - a scroll of summoning
 g - 18 scrolls of identify
 i - 20 scrolls of teleportation
 k - 19 scrolls of remove curse
 m - 3 scrolls of magic mapping
 n - 3 scrolls of fear
 x - a scroll of blinking
 B - 11 scrolls of immolation
 H - 9 scrolls of fog
 J - a scroll of torment
 L - 4 scrolls of enchant weapon
 Q - 5 scrolls of enchant armour
 U - 9 scrolls of recharging
Potions
 a - 4 potions of ambrosia
 e - 15 potions of curing
 h - 2 potions of invisibility
 j - 5 potions of heal wounds
 o - 2 potions of magic
 p - 9 potions of brilliance
 t - 13 potions of mutation
 C - 5 potions of might
 E - 6 potions of flight
 K - 3 potions of resistance
 R - a potion of haste
 V - 2 potions of cancellation
 W - a potion of agility
Books
 v - the Papyrus of Dusty Transmutation
   (You found it on level 3 of the Crypt)

   Spells                             Type                      Level
   a - Beastly Appendage              Transmutation                1
   b - Passwall                       Transmutation/Earth          2
   c - Irradiate                      Conjuration/Transmutation    5
   d - Yara's Violent Unravelling     Hexes/Transmutation          5
   e - Dragon Form                    Transmutation                7
 F - a book of the Tempests

   Spells                             Type                      Level
   a - Static Discharge               Conjuration/Air              3
   b - Lightning Bolt                 Conjuration/Air              5
   c - Ignition                       Fire                         8
   d - Tornado                        Air                          9
   e - Shatter                        Earth                        9
 S - a book of Death

   Spells                             Type                      Level
   a - Corpse Rot                     Necromancy                   2
   b - Sublimation of Blood           Necromancy                   2
   c - Agony                          Necromancy                   5
   d - Dispel Undead                  Necromancy                   5
   e - Excruciating Wounds            Charms/Necromancy            5
   f - Bolt of Draining               Conjuration/Necromancy       5
Miscellaneous
 q - a lamp of fire
 u - a phial of floods
Comestibles
 c - 26 bread rations
 d - 34 meat rations
 s - 14 fruits


   Skills:
 - Level 20.1 Fighting
 + Level 22.2 Axes
   Level 2.8(15.4) Maces & Flails
 - Level 20.1 Armour
 + Level 19.2 Dodging
 - Level 10.8 Stealth
 - Level 11.8 Shields
 + Level 7.0 Spellcasting
 - Level 14.3 Necromancy
 + Level 6.4 Transmutations
 - Level 10.0 Evocations


You had 14 spell levels left.
You knew the following spells:

 Your Spells              Type           Power        Failure   Level  Hunger
a - Lesser Beckoning      Tloc           #.........   93%         3    ##.....
b - Apportation           Tloc           #.....       63%         1    None
c - Vampiric Draining     Necr           ######....   1%          3    ##.....
d - Animate Dead          Necr           N/A          3%          4    ####...
e - Necromutation         Tmut/Necr      #####.....   100%        8    #######
f - Dispel Undead         Necr           ######..     8%          5    ######.
g - Sublimation of Blood  Necr           ######....   1%          2    #......


Dungeon Overview and Level Annotations

Branches:
Dungeon (15/15)            Temple (1/1) D:5            Lair (6/6) D:8
 Shoals (4/4) Lair:2       Spider (4/4) Lair:3        Slime (0/5) Lair:5
    Orc (2/2) D:12            Elf (2/3) Orc:2        Vaults (5/5) D:14
  Crypt (3/3) Vaults:2       Tomb (3/3) Crypt:3      Depths (5/5) D:15
   Hell (1/1)                 Dis (0/7) Hell            Geh (0/7) Hell
    Coc (0/7) Hell            Tar (0/7) Hell            Zot (0/5) Depths:5

Altars:
Ashenzari
Cheibriados
Dithmenos
Elyvilon
Fedhas
Gozag
Hepliaklqana
Kikubaaqudgha
Makhleb
Nemelex Xobeh
Okawaru
Qazlal
Ru
Sif Muna
Trog
Uskayaw
Vehumet
Xom
Yredelemnul
Zin
The Shining One
Beogh
Lugonu

Shops:
D:15 ?   Orc:1 ?   Orc:2 *(=!   Vaults:1 (   Vaults:2 *(   Vaults:4 (
Vaults:5 }[:%??

Portals:
Hell: Depths:1 Depths:2 Depths:3 Depths:4 Depths:5
Abyss: Depths:4
Pandemonium: Depths:3
Ziggurat: Depths:2

Annotations:
Shoals:4 Ilsuiw
Elf:1 1 transporter
Tomb:3 Khufu


Innate Abilities, Weirdness & Mutations

You have a pair of large horns on your head.
You have an unnaturally thin skeletal structure. (Dex +6, Stealth++)
Your flesh is cold resistant. (rC+)
You are completely attuned to the shadows.
A frigid envelope surrounds you and freezes all who hurt you.
You regenerate a lot of health from kills.
You are immune to freezing clouds.
You have claws for feet.
You can translocate small distances at will.
Your flesh is heat resistant. (rF+)
You are highly resistant to hostile enchantments. (MR++)
You passively map a small area around you.
Your system is resistant to poisons. (rPois)
You are very robust. (+20% HP)
Your thick and shaggy fur keeps you warm. (AC +3, rC+)
You are resistant to electric shocks. (rElec)
Your muscles are very strong. (Str +4)
Your spells are a little harder to cast, but a little more powerful.


Message History

* * * LOW HITPOINT WARNING * * *
x2 You feel very sick.
You block the ushabti's attack.
Khufu mumbles some strange words.
The emperor scorpion misses you.
You block the emperor scorpion's attack.
The emperor scorpion claws you!
* * * LOW HITPOINT WARNING * * *
The emperor scorpion appears unharmed.
The ushabti completely misses you.
You feel yourself speed up.
You are engulfed in dark miasma.
You feel as though you will be slow longer.
* * * LOW HITPOINT WARNING * * *
x2 You feel very sick.
The emperor scorpion dies!
The emperor scorpion's corpse disappears in a puff of smoke!
The ushabti shakes and rattles deafeningly!
The greater mummy casts a spell at you. Something smites you!
You die...
Kikubaaqudgha rasps: "You have failed me!
Welcome... death!" ###### ###### ).ss.# ##$$$$## .s§sZ#*#$$$?Ms## MMMWM#

...$$$M8##
MsssM#*...$$ssss##
MM8Ms#,....$8$§M@##
M.M..#
...$$$$$8$§##
.....'
....$$$$$?$§# , ,
.....s$$$?$$$# ,
,.$!$$$$%# ,
$.$$%$?# * , , ,
.$$?$$# ,, , , ,


You could see Khufu, a greater mummy, 6 emperor scorpions, a guardian mummy and
3 ushabtiu.

Vanquished Creatures
  3 ancient liches
  21 greater mummies
  Xtahua (Crypt:1)
  Geryon (Hell)
  A caustic shrike (Depths:2)
  A golden dragon (Vaults:5)
  2 bone dragons
  Jorgrun (Vaults:4)
  6 tentacled monstrosities
  7 liches
  A quicksilver dragon (Vaults:5)
  5 titans (Vaults:5)
  Asterion (Depths:3)
  8 ancient champions
  Gastronok (D:11)
  2 tentacled starspawn (Depths:3)
  17 sphinxes
  Kirke (Elf:1)
  6 storm dragons
  Polyphemus (Shoals:2)
  3 shadow dragons
  A kraken (Shoals:3)
  A sphinx (shapeshifter) (Vaults:5)
  6 tengu reavers
  6 revenants
  A draconian monk (Depths:5)
  The ghost of Toogi the Fighter, a journeyman FoCK of Ru (Shoals:1)
  3 deep elf sorcerers
  11 fire giants
  5 emperor scorpions (Spider:4)
  A draconian scorcher (Depths:5)
  2 iron dragons (Vaults:5)
  7 frost giants
  16 vault wardens
  Aizul (Vaults:3)
  A curse skull (Crypt:3)
  A deep elf elementalist (Vaults:5)
  15 ironheart preservers
  7 war gargoyles
  27 stone giants
  7 reapers
  4 ghouls
  13 very ugly things
  A black draconian (Depths:5)
  6 entropy weavers
  6 vampire knights
  A green draconian (Depths:5)
  4 bennus (Tomb:3)
  3 deep elf demonologists
  3 dire elephants (Depths:2)
  Azrael (Spider:2)
  2 purple draconians (Depths:5)
  4 deep elf annihilators
  A dire elephant (shapeshifter) (Depths:3)
  3 merfolk javelineers (Shoals:4)
  10 spark wasps
  7 ettins
  6 deep elf death magi
  4 eidola
  16 mummy priests
  Erolcha (D:13)
  3 deep elf high priests (Vaults:5)
  11 fire dragons
  13 yaktaur captains
  A blizzard demon (Depths:4)
  Snorg (D:10)
  6 merfolk impalers
  6 great orbs of eyes
  7 rakshasas
  Harold (D:12)
  7 hydras
  30 vault guards
  11 ice dragons
  3 catoblepae
  3 spriggan air magi
  Erica (D:10)
  3 quicksilver dragon skeletons (Crypt:1)
  4 merfolk avatars
  3 anacondas (Depths:2)
  2 alligator snapping turtles (Shoals:4)
  11 centaur warriors
  5 merfolk aquamancers
  9 death knights
  12 ogre magi
  40 two-headed ogres
  12 deep troll shamans
  29 death scarabs
  26 dancing weapons
  3 spriggan berserkers
  8 deep troll earth magi
  7 tengu warriors
  An alligator (shapeshifter) (Vaults:5)
  10 hell hogs (Hell)
  2 vampire magi
  4 death yaks (Shoals:2)
  A titan zombie (Tomb:1)
  A shock serpent (shapeshifter) (Vaults:3)
  3 orc high priests (Orc:2)
  5 thrashing horrors (Depths:3)
  3 soul eaters
  Nergalle (Lair:4)
  2 spriggans (Depths:2)
  4 shadow wraiths
  21 deep elf knights
  2 iron golems (Hell)
  5 sun demons
  A salamander mystic (Depths:1)
  A titan skeleton (Crypt:3)
  43 skeletal warriors
  An unseen horror (shapeshifter) (Vaults:1)
  6 hell knights
  11 iron trolls
  8 unseen horrors
  16 flayed ghosts
  3 glowing orange brains
  10 sea snakes
  2 spriggan druids (Depths:2)
  A glowing orange brain (shapeshifter) (Vaults:3)
  26 deep elf archers
  A golden dragon skeleton (Crypt:3)
  A lindwurm (shapeshifter) (Vaults:3)
  4 wizards
  51 deep trolls
  28 harpies
  12 ironbrand convokers
  29 phantasmal warriors
  3 lindwurms
  22 orc knights
  A shadow dragon skeleton (Crypt:3)
  5 necromancers
  21 orb spiders
  2 wolf spider zombies
  37 wolf spiders
  83 deep elf magi
  4 salamanders
  An orb spider (shapeshifter) (Vaults:1)
  A stone giant zombie (Crypt:1)
  64 ugly things
  14 fauns
  2 frost giant skeletons
  10 cyclopes
  7 orc sorcerers
  A manticore (shapeshifter) (Elf:1)
  13 manticores
  3 moths of wrath
  A guardian serpent (Lair:6)
  6 black mambas
  4 elephants
  14 vault sentinels
  9 merfolk sirens
  3 worldbinders
  8 fire giant skeletons
  5 smoke demons (Hell)
  4 torpor snails
  A black mamba (shapeshifter) (Vaults:2)
  5 ice statues
  A guardian serpent (shapeshifter) (Depths:4)
  5 water nymphs
  A stone giant skeleton (Crypt:3)
  5 gargoyles
  3 centaur skeletons
  A pale draconian zombie (Crypt:2)
  A hellion (Hell)
  4 rust devils (Hell)
  11 spiny frogs
  3 kobold demonologists (D:15)
  50 yaktaurs
  12 komodo dragons
  A rime drake (Lair:6)
  11 demonic crawlers
  15 freezing wraiths
  A komodo dragon (shapeshifter) (Vaults:5)
  A red draconian zombie (Crypt:1)
  A white draconian zombie (Crypt:2)
  12 ice devils
  4 red devils (Hell)
  43 guardian mummies
  5 tengu conjurers
  A meliai (shapeshifter) (Vaults:1)
  A yaktaur skeleton (Depths:1)
  5 polar bears
  A hornet (shapeshifter) (Vaults:3)
  A harpy zombie (Hell)
  26 merfolk
  37 jumping spiders
  18 hornets
  3 meliai (D:13)
  2 wind drakes
  Grinder (D:3)
  8 trolls
  A hydra skeleton (Hell)
  A jumping spider (shapeshifter) (Depths:4)
  2 tyrant leeches (Lair:6)
  4 dream sheep (Shoals:2)
  A harpy skeleton (Crypt:3)
  8 blink frogs
  A satyr zombie (Crypt:1)
  A spriggan zombie (Depths:1)
  18 snapping turtles
  A dream sheep (shapeshifter) (Elf:1)
  42 slime creatures
  An alligator zombie (Hell)
  10 hippogriffs
  A bog body (Crypt:1)
  10 air elementals
  6 shadows
  A centaur simulacrum (D:14)
  16 flying skulls
  9 starcursed masses (Depths:3)
  92 redbacks
  A spriggan (shapeshifter) (Depths:4)
  17 fire dragon skeletons
  38 tarantellas
  6 ushabtiu
  25 water elementals
  12 wyverns
  3 humans
  23 yaks
  12 wraiths
  A black mamba skeleton (Tomb:1)
  12 fire elementals
  2 steam dragons
  A basilisk (shapeshifter) (Vaults:5)
  3 basilisks
  4 hungry ghosts
  Grum (D:8)
  8 vampire mosquitoes
  A glowing shapeshifter zombie (Crypt:2)
  A deep troll zombie (Crypt:1)
  12 wargs
  A yaktaur simulacrum (Vaults:3)
  An infernal demonspawn zombie (Crypt:2)
  22 water moccasins
  13 hell hounds
  A soldier ant (D:15)
  A two-headed ogre skeleton (Crypt:1)
  3 acid dragons
  A faun zombie (Crypt:1)
  5 porcupines
  A torturous demonspawn skeleton (Crypt:2)
  A floating eye (Lair:6)
  39 orc warriors
  3 spiny frog skeletons (Hell)
  8 eyes of draining
  A tengu skeleton (Depths:1)
  18 ice beasts
  A black bear (shapeshifter) (Vaults:5)
  An ice beast (shapeshifter) (Vaults:1)
  4 sky beasts
  11 boggarts
  2 ettin simulacra (Vaults:3)
  4 necrophages
  2 phantoms
  2 swamp dragon skeletons
  2 fire dragon simulacra
  26 ogres
  14 wolves
  20 centaurs
  A snapping turtle skeleton (Crypt:3)
  A manticore skeleton (Crypt:1)
  13 crocodiles
  5 big kobolds
  2 human simulacra
  11 bullfrogs
  A wyvern zombie (D:14)
  6 earth elementals
  The ghost of tensugalgo the Sneak, an amateur FeVM of Ashenzari (D:4)
  2 water moccasin zombies
  3 wyvern skeletons
  4 scorpions
  14 killer bees
  A warg skeleton (Crypt:1)
  9 wights
  5 electric eels
  9 howler monkeys
  8 crimson imps
  3 bullfrog zombies
  A centaur zombie (D:8)
  A human zombie (Hell)
  23 orc priests
  2 iron imps (Hell)
  8 jellies
  4 hounds
  34 orc wizards
  Jessica (D:2)
  2 bullfrog skeletons
  A human skeleton (Crypt:1)
  7 iguanas
  4 hell rats (Hell)
  11 worker ants
  2 killer bee zombies
  A tengu zombie (Crypt:1)
  A hound zombie (D:9)
  A hound skeleton (D:10)
  51 mummies
  2 worker ant zombies
  A gnoll (D:2)
  9 adders
  A howler monkey skeleton (D:10)
  A scorpion zombie (Crypt:2)
  A swamp drake skeleton (Crypt:1)
  A shadow imp (D:5)
  A white imp (Hell)
  2 oozes (Lair:5)
  A halfling zombie (Crypt:2)
  2 adder skeletons (D:4)
  4 worms (D:3)
  2 dart slugs (D:3)
  7 leopard geckos
  95 orcs
  A ball python (D:2)
  8 bats
  6 giant cockroaches
  7 goblins
  8 hobgoblins
  9 quokkas
  6 frilled lizards
  25 kobolds
  A kobold skeleton (Crypt:2)
  8 rats
  2 bushes (Lair:6)
  2 crawling corpses (Elf:1)
  4 fungi
  7 plants
  2 starspawn tentacles (Depths:3)
  A withered plant (Crypt:3)
2651 creatures vanquished.

Vanquished Creatures (collateral kills)
  A hydra (Lair:2)
  A death yak (Lair:5)
  A death scarab (Tomb:2)
  A skeletal warrior (D:13)
  A guardian mummy (Tomb:2)
  2 trolls (D:13)
  A queen bee (D:9)
  2 yaks
  2 bullfrogs (D:9)
  A water moccasin zombie (D:9)
  2 killer bees (D:9)
  A howler monkey (D:9)
  An adder (D:8)
  2 gnolls (D:1)
  An adder skeleton (D:8)
  An orc (D:8)
  2 fungi (Lair:6)
23 creatures vanquished.

Vanquished Creatures (others)
  A sphinx (Vaults:4)
  A stone giant (Vaults:5)
  A death scarab (Tomb:2)
  A deep elf knight (Elf:2)
  A deep troll (Depths:4)
  A deep elf mage (Elf:1)
  A merfolk siren (Shoals:2)
  A yaktaur (Vaults:5)
  A guardian mummy (Tomb:2)
  A snapping turtle (Shoals:4)
  An ice dragon skeleton (Tomb:2)
  A flying skull (Tomb:2)
  A human (Elf:1)
  A black mamba skeleton (Tomb:2)
  2 orc warriors
  An ogre (Vaults:5)
  2 centaurs (Vaults:4)
  An electric eel (D:13)
  An orc wizard (D:6)
  A mummy (Tomb:2)
  An orc zombie (Tomb:3)
  A rat (D:2)
  2 bushes (Depths:2)
  17 fungi
  65 plants
  6 starspawn tentacles (Depths:3)
  4 tentacles (Shoals:3)
  48 withered plants (Crypt:3)
166 creatures vanquished.

Grand Total: 2840 creatures vanquished

Notes
Turn   | Place    | Note
-------+----------+-------------------------------------------
     0 | D:1      | Jerry the Demonspawn Chaos Knight began the quest for the Orb.
     0 | D:1      | Reached XP level 1. HP: 18/18 MP: 1/1
   157 | D:1      | XOM: harmless Hex miscast
   211 | D:1      | Reached skill level 3 in Axes
   229 | D:1      | Gained mutation: You have a pair of small horns on your head. [demonic ancestry]
   229 | D:1      | Reached XP level 2. HP: 23/24 MP: 2/2
   673 | D:1      | XOM: silly message
   731 | D:2      | XOM: harmless Necr miscast
   850 | D:2      | XOM: 2-stop teleportation journey
   851 | D:2      | Noticed Jessica
   853 | D:2      | XOM: destruction
   861 | D:2      | Killed Jessica
   861 | D:2      | Gained mutation: You have a pair of horns on your head. [demonic ancestry]
   861 | D:2      | Reached XP level 3. HP: 29/29 MP: 3/3
   953 | D:1      | XOM: cast spell 'Summon Mana Viper'
   956 | D:1      | Reached XP level 4. HP: 27/35 MP: 4/4
  1162 | D:2      | XOM: give mutations
  1162 | D:2      | Gained mutation: You are robust. (+10% HP) [Xom's grace]
  1162 | D:2      | Gained mutation: Your mind is acute. (Int +2) [Xom's grace]
  1381 | D:3      | XOM: cloud trail
  1388 | D:3      | Noticed Grinder
  1388 | D:3      | XOM: summons friendly chaos spawn
  1395 | D:3      | Killed Grinder
  1395 | D:3      | Reached skill level 4 in Axes
  1395 | D:3      | Gained mutation: You are slightly more attuned to the shadows. [demonic ancestry]
  1395 | D:3      | Reached XP level 5. HP: 10/46 MP: 5/5
  1451 | D:3      | XOM: scenery: create altars
  1811 | D:3      | XOM: god gift: long runed staff {god gift}
  2108 | D:3      | Found a hide-covered altar of Uskayaw.
  2180 | D:3      | Noticed an ogre
  2194 | D:3      | Reached XP level 6. HP: 52/52 MP: 6/6
  2194 | D:3      | XOM: harmless Erth miscast
  2205 | D:3      | Reached skill level 5 in Axes
  2542 | D:3      | XOM: noise
  2564 | D:3      | XOM: cloud trail
  2681 | D:3      | XOM: medium Fire miscast
  2970 | D:3      | XOM: cloud trail
  3074 | D:4      | Noticed tensugalgo's ghost (amateur FeVM)
  3076 | D:4      | XOM: 1-stop teleportation journey
  3175 | D:3      | XOM: give mutations
  3175 | D:3      | Gained mutation: Your muscles are strong. (Str +2) [Xom's grace]
  3175 | D:3      | Gained mutation: Your spells are a little harder to cast, but a little more powerful. [Xom's grace]
  3175 | D:3      | Gained mutation: Your natural rate of healing is unusually fast. [Xom's grace]
  3286 | D:4      | Gained mutation: You are significantly more attuned to the shadows. [demonic ancestry]
  3286 | D:4      | Reached XP level 7. HP: 60/60 MP: 7/7
  3357 | D:4      | XOM: butterfly on damage
  3499 | D:4      | Killed tensugalgo's ghost
  3499 | D:4      | Reached skill level 5 in Fighting
  3499 | D:4      | Reached skill level 1 in Stealth
  3511 | D:4      | Found an opulent altar of Gozag.
  3572 | D:4      | Reached skill level 6 in Axes
  3638 | D:4      | XOM: 3-stop teleportation journey
  3675 | D:4      | XOM: scenery: create altars
  3849 | D:4      | Found a shimmering altar of Xom.
  3864 | D:5      | Entered Level 5 of the Dungeon
  4085 | D:5      | XOM: noise
  4095 | D:5      | Reached XP level 8. HP: 55/69 MP: 8/8
  4175 | D:5      | XOM: silly message
  4182 | D:5      | Found a staircase to the Ecumenical Temple.
  4369 | D:5      | Found a shadowy altar of Dithmenos.
  4388 | D:5      | Reached skill level 1 in Shields
  4450 | D:5      | XOM: 1-stop teleportation journey
  4490 | D:5      | XOM: cloud trail
  4640 | D:5      | XOM: god gift: pair of gloves {god gift}
  4694 | D:5      | XOM: give mutations
  4694 | D:5      | Gained mutation: Your flesh is cold resistant. (rC+) [Xom's grace]
  4694 | D:5      | Gained mutation: You possess an exceptional clarity of mind. [Xom's grace]
  4744 | D:5      | XOM: give mutation
  4744 | D:5      | Gained mutation: Your muscles are very strong. (Str +4) [Xom's grace]
  4811 | D:6      | XOM: enchant monster (good)
  4829 | D:6      | Reached skill level 7 in Axes
  4890 | D:6      | Found an iron altar of Okawaru.
  4960 | D:6      | Found a white marble altar of Elyvilon.
  4960 | D:6      | Found a sacrificial altar of Ru.
  5094 | D:6      | XOM: cleaving
  5122 | D:5      | XOM: divine lightning
  5181 | D:6      | XOM: give mutations
  5181 | D:6      | Gained mutation: You have sharp toenails. [Xom's grace]
  5181 | D:6      | Gained mutation: Your mind is very acute. (Int +4) [Xom's grace]
  5181 | D:6      | Gained mutation: You are covered in fur. (AC +1) [Xom's grace]
  5181 | D:6      | Gained mutation: You passively map a small area around you. [Xom's grace]
  5192 | D:6      | Noticed a raiju
  5192 | D:6      | a black bear changed into a raiju
  5194 | D:6      | a raiju changed into an eye of draining
  5194 | D:6      | XOM: polymorph raiju -> eye of draining
  5199 | D:6      | Reached skill level 5 in Armour
  5244 | D:6      | XOM: god gift: wand of random effects (?/48) {god gift}
  5293 | D:6      | XOM: god gift: 6 royal jellies
  5375 | D:7      | Found a bloodstained altar of Trog.
  5389 | D:7      | XOM: god gift: pair of runed gloves {god gift}
  5409 | D:7      | Gained mutation: You regenerate a little health from kills. [demonic ancestry]
  5409 | D:7      | Reached XP level 9. HP: 75/75 MP: 3/9
  5462 | D:7      | Noticed a troll
  5467 | D:7      | XOM: divine lightning
  5469 | D:7      | a troll changed into a human
  5469 | D:7      | XOM: polymorph troll -> human
  5486 | D:7      | XOM: scenery: 1 doors open
  5509 | D:7      | XOM: god gift: staff of wizardry {god gift}
  5627 | D:7      | XOM: god gift: 500 gold pieces
  5710 | D:7      | Noticed a white ugly thing
  5710 | D:7      | Noticed a centaur warrior
  5717 | D:7      | XOM: blink monster(s)
  5773 | D:7      | XOM: mild Tmut miscast
  5814 | D:7      | Reached skill level 8 in Axes
  5931 | D:7      | XOM: give mutations
  5931 | D:7      | Gained mutation: You are resistant to hostile enchantments. (MR+) [Xom's mischief]
  5931 | D:7      | Lost mutation: Your flesh is cold resistant. (rC+) [Xom's mischief]
  5931 | D:7      | Gained mutation: Your body sometimes deteriorates upon taking damage. [Xom's mischief]
  5973 | D:7      | XOM: god gift: heavily runed turquoise ring {god gift}
  5989 | D:7      | Got a heavily runed turquoise ring {god gift}
  6029 | D:7      | Gained mutation: You have an increased reservoir of magic. (+10% MP) [mutagenic meat]
  6034 | D:7      | Lost mutation: Your muscles are very strong. (Str +4) [mutagenic meat]
  6356 | D:7      | XOM: summons friendly white imp
  6505 | D:8      | Found a shattered altar of Ashenzari.
  6522 | D:8      | Found a staircase to the Lair.
  6533 | D:8      | XOM: draining
  6535 | D:8      | XOM: medium Conj miscast
  6580 | D:8      | Identified the ring of Ykuaseil {+Inv rPois} (Xom gifted it to you on level 7 of the Dungeon)
  6626 | D:8      | XOM: blink monster(s)
  6648 | D:8      | XOM: summons 4 friendly demons
  6700 | D:8      | XOM: summons 2 friendly demons
  6705 | D:8      | XOM: summons 9 friendly demons
  6716 | D:8      | Noticed a two-headed ogre
  6726 | D:8      | XOM: fake destruction
  6728 | D:8      | Killed a two-headed ogre
  6728 | D:8      | Reached XP level 10. HP: 65/86 MP: 11/11
  6734 | D:8      | Reached skill level 9 in Axes
  7048 | D:8      | XOM: god gift: wand of acid (?/15) {god gift}
  7133 | D:8      | XOM: scenery: create altars
  7164 | D:9      | XOM: summons 10 friendly demons
  7287 | D:9      | XOM: enchant monster (good)
  7325 | D:9      | XOM: summons friendly ynoxinul
  7644 | D:9      | XOM: harmless Tmut miscast
  7679 | D:9      | Noticed a two-headed ogre
  7681 | D:9      | XOM: confuse monster(s)
  7684 | D:9      | XOM: smoke on damage
  7694 | D:9      | Killed a two-headed ogre
  7694 | D:9      | Reached skill level 10 in Axes
  7706 | D:9      | Found a sparkling altar of Nemelex Xobeh.
  7788 | D:9      | XOM: noise
  7881 | D:9      | Reached skill level 1 in Evocations
  7953 | D:9      | XOM: summons 3 friendly demons
  8413 | D:8      | Noticed Grum
  8424 | D:8      | Killed Grum
  8440 | Lair:1   | Entered Level 1 of the Lair of Beasts
  8477 | Lair:1   | Noticed a spiny frog
  8550 | Lair:1   | XOM: scenery: create altars
  8626 | Lair:1   | Gained mutation: You have a somewhat thin skeletal structure. (Dex +2, Stealth) [demonic ancestry]
  8626 | Lair:1   | Reached XP level 11. HP: 76/95 MP: 13/13
  8690 | Lair:1   | XOM: 6-stop teleportation journey
  8717 | Lair:1   | XOM: scenery: create altars
  8740 | Lair:1   | XOM: swap monsters
  8750 | Lair:1   | XOM: enchant monster (good)
  8836 | Lair:1   | XOM: cast spell 'Summon Ice Beast'
  8885 | Lair:1   | You fall through a shaft!
  9124 | Lair:2   | Found an iron altar of Okawaru.
  9152 | Lair:2   | XOM: give mutations
  9152 | Lair:2   | Gained mutation: You are agile. (Dex +2) [Xom's grace]
  9152 | Lair:2   | Gained mutation: You are very robust. (+20% HP) [Xom's grace]
  9152 | Lair:2   | Gained mutation: You are resistant to electric shocks. (rElec) [Xom's grace]
  9152 | Lair:2   | Gained mutation: You can translocate small distances at will. [Xom's grace]
  9161 | Lair:2   | Noticed an eight-headed hydra
  9162 | Lair:2   | XOM: 7-stop teleportation journey
  9318 | Lair:1   | XOM: give mutations
  9318 | Lair:1   | Gained mutation: Your flesh is heat resistant. (rF+) [Xom's grace]
  9318 | Lair:1   | Gained mutation: You evolve. [Xom's grace]
  9318 | Lair:1   | Gained mutation: Your spells are harder to cast, but more powerful. [Xom's grace]
  9450 | Lair:1   | Noticed a seven-headed hydra
  9458 | Lair:1   | Killed a four-headed hydra
  9458 | Lair:1   | Reached skill level 11 in Axes
  9782 | Lair:2   | XOM: cast spell 'Disjunction'
  9792 | Lair:2   | XOM: summons friendly shadow imp
  9958 | Lair:2   | XOM: god gift: plate armour {god gift}
 10039 | Lair:2   | XOM: fog
 10152 | Lair:2   | XOM: cloud trail
 10178 | Lair:2   | XOM: summons 4 friendly demons
 10181 | Lair:2   | Killed a six-headed hydra
 10261 | Lair:2   | XOM: summons 1 hostile demon
 10263 | Lair:2   | Found a staircase to the Shoals.
 10305 | Lair:2   | Gained mutation: You are highly resistant to hostile enchantments. (MR++) [evolution]
 10384 | Lair:2   | XOM: confuse monster(s)
 10513 | Lair:3   | XOM: potion effect (haste)
 10741 | Lair:3   | Reached XP level 12. HP: 111/115 MP: 16/16
 11176 | Lair:3   | XOM: divination: detect creatures
 11202 | Lair:3   | Found a hole to the Spider Nest.
 11211 | Lair:3   | XOM: potion effect (brilliance)
 11215 | Lair:3   | Reached skill level 5 in Stealth
 11442 | Lair:4   | XOM: god gift: scroll of teleportation
 11471 | Lair:4   | Noticed Nergalle
 11485 | Lair:4   | XOM: cast spell 'Shadow Creatures'
 11486 | Lair:4   | Killed Nergalle
 11734 | Lair:4   | XOM: god gift: 13 stones
 11748 | Lair:4   | XOM: 9-stop teleportation journey
 11751 | Lair:4   | XOM: 7-stop teleportation journey
 11829 | Lair:4   | XOM: summons 6 hostile demons
 12103 | Lair:4   | XOM: smoke on damage
 12164 | Lair:4   | XOM: polymorph elephant -> deep troll
 12165 | Lair:4   | XOM: swap monsters
 12170 | Lair:4   | XOM: swap monsters
 12171 | Lair:4   | XOM: summons friendly iron imp
 12174 | Lair:4   | Reached skill level 5 in Evocations
 12175 | Lair:4   | XOM: polymorph elephant -> deep troll
 12181 | Lair:4   | XOM: severe Chrm miscast
 12186 | Lair:4   | Reached skill level 10 in Fighting
 12193 | Lair:4   | XOM: harmless Tloc miscast
 12414 | Lair:5   | Noticed a death yak
 12427 | Lair:5   | XOM: silly message
 12437 | Lair:4   | XOM: cast spell 'Olgreb's Toxic Radiance'
 12444 | Lair:4   | Reached skill level 12 in Axes
 12500 | Lair:4   | XOM: harmless Chrm miscast
 12599 | Lair:5   | XOM: destruction
 12610 | Lair:5   | Reached skill level 10 in Armour
 12782 | Lair:5   | XOM: polymorph spiny frog -> eye of draining
 12809 | Lair:5   | Found a staircase to the Slime Pits.
 12932 | Lair:5   | XOM: god gift: curved runed staff {god gift}
 12943 | Lair:5   | XOM: summons 7 friendly demons
 12952 | Lair:5   | Killed a death yak
 12961 | Lair:5   | XOM: scenery: create altars
 13011 | Lair:5   | XOM: 5-stop teleportation journey
 13381 | Lair:6   | Entered Level 6 of the Lair of Beasts
 13447 | Lair:6   | XOM: polymorph komodo dragon -> salamander
 13600 | Lair:6   | XOM: torment (59/116 hp)
 13609 | Lair:6   | Gained mutation: You regenerate health from kills. [demonic ancestry]
 13609 | Lair:6   | Reached XP level 13. HP: 61/123 MP: 19/19
 14009 | Lair:6   | XOM: summons 2 hostile shadow creatures
 14082 | Lair:6   | XOM: severe Chrm miscast
 14085 | Lair:6   | Lost mutation: You are agile. (Dex +2) [mutagenic glow]
 14105 | Lair:6   | XOM: mild Erth miscast
 14111 | Lair:6   | XOM: 1-stop teleportation journey
 14179 | Lair:6   | XOM: harmless Fire miscast
 14218 | Lair:6   | XOM: summons 13 friendly demons
 14274 | Lair:6   | Found a runed door.
 14307 | Lair:6   | XOM: draining
 14312 | Lair:6   | XOM: polymorph torpor snail -> floating eye
 14487 | Lair:6   | XOM: noise
 14521 | Lair:6   | XOM: harmless Chrm miscast
 14560 | Lair:6   | XOM: potion effect (might)
 14566 | Lair:6   | Lost mutation: Your body sometimes deteriorates upon taking damage. [evolution]
 14623 | Lair:6   | Reached skill level 13 in Axes
 14653 | Lair:6   | XOM: cast spell 'Disjunction'
 14684 | Lair:6   | XOM: medium Pois miscast
 14712 | Lair:6   | XOM: cloud trail
 15143 | Lair:6   | Paralysed by a hornet for 3 turns
 15152 | Lair:6   | XOM: summons 6 hostile demons
 15156 | Lair:6   | XOM: harmless Necr miscast
 15221 | Lair:6   | XOM: summons 2 friendly demons
 15441 | Lair:6   | XOM: fog
 15445 | Lair:6   | XOM: cast spell 'Metabolic Englaciation'
 15568 | Lair:6   | Noticed a fire dragon
 15581 | Lair:6   | Killed a fire dragon
 15610 | Lair:6   | XOM: mild Erth miscast
 15794 | D:10     | Entered Level 10 of the Dungeon
 15798 | D:10     | XOM: polymorph worker ant -> howler monkey
 15846 | D:10     | Noticed Snorg
 15859 | D:10     | Killed Snorg
 15859 | D:10     | Reached skill level 1 in Maces & Flails
 15929 | D:10     | XOM: give mutations
 15929 | D:10     | Gained mutation: Your system is resistant to poisons. (rPois) [Xom's grace]
 15929 | D:10     | Gained mutation: You are covered in thick fur. (AC +2) [Xom's grace]
 15929 | D:10     | Gained mutation: You have razor-sharp toenails. [Xom's grace]
 15929 | D:10     | Gained mutation: Your thick and shaggy fur keeps you warm. (AC +3, rC+) [Xom's grace]
 15981 | D:10     | Noticed Erica
 15986 | D:10     | XOM: 1-stop teleportation journey
 16096 | D:10     | Lost mutation: Your spells are harder to cast, but more powerful. [evolution]
 16173 | D:10     | XOM: god gift: robe {god gift}
 16304 | D:10     | Killed Erica
 16618 | D:11     | XOM: scenery: create altars
 16717 | D:11     | XOM: god gift: phial of floods
 16824 | D:11     | Gained mutation: You have a moderately thin skeletal structure. (Dex +4, Stealth+) [demonic ancestry]
 16824 | D:11     | Reached XP level 14. HP: 132/132 MP: 21/21
 17076 | D:11     | XOM: give mutations
 17076 | D:11     | Gained mutation: You have claws for feet. [Xom's grace]
 17076 | D:11     | Gained mutation: Your muscles are very strong. (Str +4) [Xom's grace]
 17076 | D:11     | Lost mutation: You evolve. [Xom's grace]
 17076 | D:11     | Gained mutation: You are somewhat resistant to further mutation. [Xom's grace]
 17076 | D:11     | Lost mutation: You are somewhat resistant to further mutation. [Xom's grace]
 17076 | D:11     | Gained mutation: You evolve. [Xom's grace]
 17204 | D:11     | Noticed Gastronok
 17205 | D:11     | XOM: 4-stop teleportation journey
 17371 | D:11     | XOM: potion effect (brilliance)
 17374 | D:11     | XOM: swap monsters
 17378 | D:11     | XOM: enchant monster (bad)
 17384 | D:11     | Killed Gastronok
 17575 | D:12     | XOM: polymorph cyclops -> merfolk
 17593 | D:12     | Found a frozen archway.
 17623 | IceCv    | Entered an ice cave
 17662 | IceCv    | XOM: 2-stop teleportation journey
 17674 | IceCv    | XOM: scenery: create altars
 17724 | IceCv    | XOM: summons 9 friendly demons
 17772 | IceCv    | Got a brightly glowing cloak
 17773 | IceCv    | Identified Uwongaem's Handbook of Transmutation and Stones
 17775 | IceCv    | Identified the cursed -2 cloak of the Evil One {+Blink rF- Dex+8} (You found it in an ice cave)
 17781 | IceCv    | Learned a level 1 spell: Animate Skeleton
 17785 | IceCv    | Learned a level 3 spell: Regeneration
 17789 | IceCv    | Learned a level 3 spell: Vampiric Draining
 17794 | IceCv    | Learned a level 4 spell: Animate Dead
 17814 | IceCv    | Learned a level 2 spell: Passwall
 17966 | D:12     | XOM: blink monster(s)
 17977 | D:12     | XOM: harmless Necr miscast
 18019 | D:12     | XOM: summons 3 friendly demons
 18112 | D:12     | Found a basalt altar of Yredelemnul.
 18159 | D:12     | XOM: 1-stop teleportation journey
 18178 | D:12     | Noticed Harold
 18179 | D:12     | XOM: enchant monster (bad)
 18209 | D:12     | Killed Harold
 18385 | D:12     | XOM: stat loss: -1 Dex (20/21)
 18458 | D:12     | XOM: draining
 18485 | D:12     | Found a staircase to the Orcish Mines.
 18724 | D:12     | XOM: summons 7 hostile demons
 18738 | Orc:1    | Entered Level 1 of the Orcish Mines
 18770 | Orc:1    | Found a roughly hewn altar of Beogh.
 18939 | Orc:1    | Lost mutation: You have an increased reservoir of magic. (+10% MP) [evolution]
 18939 | Orc:1    | Lost mutation: You evolve. [end of evolution]
 18969 | Orc:1    | XOM: noise
 18985 | Orc:1    | Found Raasab's Magic Scroll Emporium.
 19320 | Orc:2    | Entered Level 2 of the Orcish Mines
 19537 | Orc:2    | Found a staircase to the Elven Halls.
 19636 | Orc:2    | Found Iraul's Distillery.
 19638 | Orc:2    | Found Poineidahe's Jewellery Shop.
 19651 | Orc:2    | XOM: chaos cloud
 19654 | Orc:2    | XOM: divination: detect creatures
 19655 | Orc:2    | XOM: blink monster(s)
 19724 | Orc:2    | XOM: mild Summ miscast
 19896 | Orc:2    | XOM: harmless Conj miscast
 19969 | Orc:2    | XOM: cast spell 'Shadow Creatures'
 20080 | Orc:2    | XOM: 1-stop teleportation journey
 20150 | Orc:2    | XOM: summons 3 hostile shadow creatures
 20152 | Orc:2    | Reached skill level 14 in Axes
 20152 | Orc:2    | Reached skill level 1 in Dodging
 20293 | Orc:2    | XOM: swap monsters
 20295 | Orc:2    | XOM: enchant monster (bad)
 20381 | Orc:2    | XOM: give mutations
 20381 | Orc:2    | Lost mutation: You possess an exceptional clarity of mind. [Xom's mischief]
 20381 | Orc:2    | Lost mutation: Your natural rate of healing is unusually fast. [Xom's mischief]
 20468 | Orc:2    | XOM: potion effect (agility)
 20472 | Orc:2    | XOM: harmless Ice miscast
 20584 | Orc:2    | XOM: god gift: 8 poisoned javelins
 20642 | Orc:2    | XOM: cloud trail
 20813 | Orc:2    | XOM: scenery: create altars
 20817 | Orc:2    | Found Kigatoet's Antique Weapon Shop.
 20819 | Orc:2    | Found Kamma's General Store.
 21197 | D:11     | XOM: torment (67/132 hp)
 21242 | D:11     | XOM: draining
 21371 | Temple   | Entered the Ecumenical Temple
 21572 | Temple   | Fell from the grace of Xom
 21572 | Temple   | Became a worshipper of Kikubaaqudgha
 21756 | D:13     | Noticed Erolcha
 21765 | D:13     | Killed Erolcha
 21905 | D:13     | XOM: medium Erth miscast
 22422 | D:13     | XOM: summons 9 hostile demons
 22460 | D:13     | Reached * piety under Kikubaaqudgha
 22460 | D:13     | Identified Kikubaaqudgha's Papyrus of Evil (Kikubaaqudgha gifted it to you on level 13 of the Dungeon)
 22460 | D:13     | Received a gift from Kikubaaqudgha
 22771 | D:13     | Reached XP level 15. HP: 90/138 MP: 22/22
 22817 | D:13     | XOM: medium Hex miscast
 23181 | D:13     | XOM: medium Chrm miscast
 23360 | D:13     | XOM: noise
 23796 | D:14     | Reached ** piety under Kikubaaqudgha
 23827 | D:14     | XOM: swap monsters
 23937 | D:14     | Found a sacrificial altar of Ru.
 24286 | D:14     | XOM: give mutations
 24286 | D:14     | Lost mutation: Your mind is very acute. (Int +4) [Xom's mischief]
 24286 | D:14     | Lost mutation: Your mind is acute. (Int +2) [Xom's mischief]
 24408 | D:14     | Reached skill level 15 in Axes
 24523 | D:14     | Found a gate to the Vaults.
 24533 | D:14     | Reached skill level 10 in Evocations
 24888 | D:15     | Entered Level 15 of the Dungeon
 24888 | D:15     | Found Polug's Magic Scroll Shoppe.
 24901 | D:15     | XOM: blink monster(s)
 24978 | D:15     | Reached *** piety under Kikubaaqudgha
 24978 | D:15     | Identified Kikubaaqudgha's Catalogue of Stolen Souls (Kikubaaqudgha gifted it to you on level 15 of the Dungeon)
 24978 | D:15     | Received a gift from Kikubaaqudgha
 25268 | D:15     | Found a staircase to the Depths.
 25268 | D:15     | Noticed a fire giant
 25301 | D:15     | Killed a fire giant
 25301 | D:15     | Reached skill level 5 in Dodging
 25335 | D:15     | XOM: medium Air miscast
 25657 | D:15     | XOM: noise
 26006 | D:15     | XOM: medium Erth miscast
 26706 | Spider:1 | Entered Level 1 of the Spider Nest
 26916 | Spider:1 | Reached **** piety under Kikubaaqudgha
 27231 | Spider:1 | Got a slimy iron ring
 27297 | Spider:1 | Reached skill level 16 in Axes
 27299 | Spider:1 | Gained mutation: You are completely attuned to the shadows. [demonic ancestry]
 27299 | Spider:1 | Reached XP level 16. HP: 110/146 MP: 23/23
 27428 | Spider:1 | XOM: blink monster(s)
 27643 | Spider:2 | Noticed Azrael
 27646 | Spider:2 | Reached ***** piety under Kikubaaqudgha
 27650 | Spider:2 | Killed Azrael
 28127 | Spider:2 | XOM: cast spell 'Shadow Creatures'
 28208 | Spider:2 | XOM: 1-stop teleportation journey
 28693 | Spider:2 | Identified the ring "Heixusm" {rElec rN+} (You found it on level 1 of the Spider Nest)
 29021 | Orc:2    | Bought an uncursed amulet of regeneration for 420 gold pieces
 30475 | Spider:2 | XOM: cloud trail
 30783 | Spider:2 | Reached skill level 17 in Axes
 31106 | Spider:3 | Reached ****** piety under Kikubaaqudgha
 31309 | Spider:3 | XOM: medium Pois miscast
 31312 | Spider:3 | Received a gift from Kikubaaqudgha
 31358 | Spider:3 | Paralysed by a hornet for 1 turns
 31544 | Spider:3 | XOM: summons 11 hostile demons
 31544 | Spider:3 | Was forgiven by Xom
 32044 | Spider:4 | Entered Level 4 of the Spider Nest
 32375 | Spider:4 | Reached XP level 17. HP: 134/153 MP: 24/24
 33891 | Spider:4 | Got a gossamer rune of Zot
 34438 | Shoals:1 | Entered Level 1 of the Shoals
 34665 | Shoals:1 | Found a flickering gateway to a bazaar.
 34671 | Bazaar   | Entered a bazaar
 34678 | Bazaar   | Found Osiameh's Weapon Boutique.
 34698 | Bazaar   | Found Tychy's Assorted Antiques.
 34703 | Bazaar   | Bought a murky ruby potion for 20 gold pieces
 34767 | Bazaar   | Found Jaanoh's Antique Weapon Shop.
 34819 | Bazaar   | Found Luwoyxi's General Store.
 34997 | Bazaar   | Found Luwoyxi's General Store.
 35009 | Bazaar   | Found Tychy's Assorted Antiques.
 35064 | Bazaar   | Found Jaanoh's Antique Weapon Shop.
 35232 | Bazaar   | Bought a scroll of teleportation for 69 gold pieces
 35232 | Bazaar   | Bought a potion of heal wounds for 115 gold pieces
 35232 | Bazaar   | Bought a scroll of teleportation for 69 gold pieces
 35374 | Shoals:1 | Noticed Toogi's ghost (journeyman FoCK)
 35394 | Shoals:1 | Killed Toogi's ghost
 36042 | Shoals:1 | Reached skill level 18 in Axes
 37009 | Depths:1 | Entered Level 1 of the Depths
 37594 | Depths:1 | Found a gateway to Hell.
 38299 | Depths:1 | Gained mutation: You have an unnaturally thin skeletal structure. (Dex +6, Stealth++) [demonic ancestry]
 38299 | Depths:1 | Reached XP level 18. HP: 165/165 MP: 25/25
 39653 | Elf:1    | Entered Level 1 of the Elven Halls
 39831 | Elf:1    | Reached skill level 5 in Shields
 39877 | Elf:1    | Reached skill level 15 in Armour
 40609 | Elf:1    | Reached skill level 10 in Dodging
 40803 | Elf:1    | Found a transporter.
 40933 | Elf:1    | Noticed Kirke
 40949 | Elf:1    | Killed Kirke
 41367 | Elf:2    | Found a runed gate.
 41368 | Elf:2    | Found a runed gate.
 41409 | Elf:2    | Found a runed gate.
 42092 | Elf:2    | Gained mutation: You have a pair of large horns on your head. [demonic ancestry]
 42092 | Elf:2    | Reached XP level 19. HP: 176/176 MP: 26/26
 43115 | Shoals:2 | Noticed Polyphemus
 43132 | Shoals:2 | Killed Polyphemus
 44856 | Shoals:4 | Entered Level 4 of the Shoals
 44985 | Shoals:4 | Noticed Ilsuiw
 45031 | Shoals:4 | HP: 7/180 [alligator snapping turtle (30)]
 45040 | Shoals:4 | HP: 5/180 [alligator snapping turtle (9)]
 45462 | Shoals:4 | Got a barnacled rune of Zot
 46849 | Vaults:1 | Entered Level 1 of the Vaults
 47469 | Vaults:1 | Gained mutation: Your flesh is cold resistant. (rC+) [demonic ancestry]
 47469 | Vaults:1 | Reached XP level 20. HP: 190/190 MP: 27/27
 47876 | Vaults:1 | Found Jofo's Antique Weapon Boutique.
 48462 | Vaults:1 | Got a warped chain mail
 48463 | Vaults:1 | Identified the +0 chain mail of the Lich-sworn {rN+ Str+3} (You found it on level 1 of the Vaults)
 48939 | Vaults:2 | Found Kigetek's General Store.
 48946 | Vaults:2 | Bought the +2 broad axe "Ushru" {drain, SInv} for 511 gold pieces
 49679 | Vaults:2 | Reached skill level 10 in Shields
 49825 | Vaults:2 | Identified the Catalogue of Calling
 49839 | Vaults:2 | Found Laiq Wedd's Antique Weapon Shoppe.
 50022 | Vaults:2 | Found a staircase to the Crypt.
 50429 | Vaults:3 | Noticed Aizul
 50446 | Vaults:3 | Killed Aizul
 50524 | Vaults:3 | Reached skill level 15 in Fighting
 50798 | Vaults:3 | Got a bound wooden ring
 51012 | Vaults:3 | Identified the ring of Ceemp {*Contam *Corrode rElec rN+ Str+8 Int+4} (You found it on level 3 of the Vaults)
 51114 | Vaults:3 | Reached XP level 21. HP: 172/201 MP: 28/28
 52196 | Vaults:4 | Noticed Jorgrun
 52204 | Vaults:4 | Killed Jorgrun
 52219 | Vaults:4 | Found a burning altar of Makhleb.
 52300 | Vaults:4 | Found Uvvoagog's Antique Weapon Shop.
 53908 | Vaults:4 | Learned a level 8 spell: Necromutation
 53914 | Vaults:4 | Learned a level 3 spell: Lesser Beckoning
 53916 | Vaults:4 | Learned a level 1 spell: Apportation
 54495 | Depths:2 | Reached XP level 22. HP: 210/213 MP: 29/29
 54506 | Depths:2 | Got a vibrating lead ring
 54553 | Depths:2 | Noticed a caustic shrike
 54564 | Depths:2 | Killed a caustic shrike
 55026 | Depths:2 | Found a gateway to a ziggurat.
 55435 | Depths:2 | Got a crude hand axe
 55442 | Depths:2 | Identified the ring "Ceujauj" {+Blink rPois Int-3 Stlth-} (You took it off a spriggan on level 2 of the Depths)
 55444 | Depths:2 | Identified the +2 hand axe "Xisatiz" {vamp, +Rage rF++ Int-5 Dex+4} (You found it on level 2 of the Depths)
 55590 | Depths:3 | Found a one-way gate leading to the halls of Pandemonium.
 55599 | Depths:3 | Reached skill level 19 in Axes
 55847 | Depths:3 | Found a transporter.
 56121 | Depths:3 | Noticed Asterion
 56133 | Depths:3 | Killed Asterion
 56464 | Depths:3 | Found a corrupted altar of Lugonu.
 56516 | Depths:3 | Found a transporter.
 56695 | Depths:4 | Reached skill level 15 in Dodging
 56695 | Depths:4 | Reached skill level 10 in Stealth
 56851 | Depths:4 | Reached XP level 23. HP: 224/224 MP: 30/30
 57182 | Depths:4 | Found a one-way gate to the infinite horrors of the Abyss.
 58314 | Depths:5 | Entered Level 5 of the Depths
 59570 | Depths:5 | Found a gate to the Realm of Zot.
 59783 | Hell     | Entered the Vestibule of Hell
 59783 | Hell     | Noticed Geryon
 59798 | Hell     | Killed Geryon
 60059 | Hell     | Found a gateway to the freezing wastes of Cocytus.
 60381 | Hell     | Found a gateway to the decaying netherworld of Tartarus.
 60392 | Hell     | Reached skill level 20 in Axes
 60476 | Hell     | Found a gateway to the ashen valley of Gehenna.
 60645 | Hell     | Gained mutation: You are immune to freezing clouds. [demonic ancestry]
 60645 | Hell     | Reached XP level 24. HP: 223/236 MP: 30/30
 60666 | Hell     | Found a gateway to the Iron City of Dis.
 61352 | Vaults:5 | Entered Level 5 of the Vaults
 61856 | Vaults:5 | Noticed an ancient lich
 61867 | Vaults:5 | Killed an ancient lich
 62153 | Vaults:5 | Found Xiaqeosi's Magic Scroll Shop.
 62203 | Vaults:5 | Bought a scroll of enchant armour for 142 gold pieces
 62203 | Vaults:5 | Bought a scroll of teleportation for 57 gold pieces
 62203 | Vaults:5 | Bought a scroll of enchant weapon for 142 gold pieces
 62203 | Vaults:5 | Bought a scroll of teleportation for 57 gold pieces
 62213 | Vaults:5 | Found Paafol's Food Boutique.
 62213 | Vaults:5 | Found Afaezumo's Magic Scroll Shoppe.
 62224 | Vaults:5 | Bought a scroll of enchant weapon for 75 gold pieces
 62293 | Vaults:5 | Reached XP level 25. HP: 248/248 MP: 30/30
 62821 | Vaults:5 | Found Ephisig's Book Boutique.
 62826 | Vaults:5 | Bought a manual of Necromancy for 2097 gold pieces
 62829 | Vaults:5 | Got a silver rune of Zot
 62858 | Vaults:5 | Found Geimeyn's Gadget Emporium.
 62865 | Vaults:5 | Found Yfooc's Antique Armour Shop.
 63064 | Vaults:5 | Bought a runed plate armour for 806 gold pieces
 63484 | Orc:2    | Bought the ring of Vaidik {Fire rElec rN+ MR+ Slay-3} for 506 gold pieces
 63970 | Crypt:1  | Entered Level 1 of the Crypt
 63991 | Crypt:1  | Reached skill level 1 in Necromancy
 63994 | Crypt:1  | Noticed Xtahua
 64009 | Crypt:1  | Killed Xtahua
 64679 | Crypt:1  | Reached skill level 5 in Necromancy
 64882 | Crypt:1  | Reached skill level 21 in Axes
 65261 | Crypt:2  | Found a basalt altar of Yredelemnul.
 65755 | Crypt:2  | Got a warped bronze ring
 65756 | Crypt:2  | Identified the ring "Paseegg" {rPois rC++ rN+ Str+4 Int-3} (You found it on level 2 of the Crypt)
 66123 | Crypt:3  | Entered Level 3 of the Crypt
 66727 | Crypt:3  | Noticed an ancient lich
 66737 | Crypt:3  | Killed an ancient lich
 67127 | Crypt:3  | Got a smoking brass amulet
 67129 | Crypt:3  | Got a shimmering iron ring
 67134 | Crypt:3  | Identified the amulet "Unitt" {RegenMP +Inv rElec Dex+2} (You found it on level 3 of the Crypt)
 67135 | Crypt:3  | Identified the ring of the Jolly Blessings {+Fly rF+ rC+ Str+3 Dex+3} (You found it on level 3 of the Crypt)
 67265 | Crypt:3  | Got a ring of the Octopus King
 67266 | Crypt:3  | Identified a ring of the Octopus King {AC+1 EV+1 Str+1 Int+1 Dex+1 Stlth+} (You found it on level 3 of the Crypt)
 67360 | Crypt:3  | Found a staircase to the Tomb.
 67834 | Crypt:3  | Found an ancient bone altar of Kikubaaqudgha.
 67844 | Crypt:3  | Noticed an ancient lich
 67856 | Crypt:3  | Killed an ancient lich
 67856 | Crypt:3  | Reached skill level 10 in Necromancy
 67895 | Crypt:3  | Identified the Papyrus of Dusty Transmutation
 68383 | Crypt:3  | Gained mutation: You regenerate a lot of health from kills. [demonic ancestry]
 68383 | Crypt:3  | Reached XP level 26. HP: 260/260 MP: 30/30
 68415 | Tomb:1   | Entered Level 1 of the Tomb of the Ancients
 69001 | Tomb:1   | Noticed a greater mummy
 69004 | Tomb:1   | Noticed a greater mummy
 69353 | Tomb:1   | Reached skill level 1 in Spellcasting
 69454 | Tomb:1   | Killed a greater mummy
 69947 | Tomb:1   | Learned a level 5 spell: Dispel Undead
 69950 | Tomb:1   | Learned a level 2 spell: Sublimation of Blood
 70042 | Tomb:2   | Noticed a greater mummy
 70042 | Tomb:2   | Noticed a greater mummy
 70044 | Tomb:2   | Reached skill level 1 in Transmutations
 70047 | Tomb:2   | Noticed a greater mummy
 70146 | Tomb:2   | Noticed a greater mummy
 70159 | Tomb:2   | Killed a greater mummy
 70272 | Tomb:2   | Killed a greater mummy
 70303 | Tomb:2   | Killed a greater mummy
 70321 | Tomb:2   | Killed a greater mummy
 70364 | Tomb:2   | Noticed a greater mummy
 70372 | Tomb:2   | Killed a greater mummy
 70672 | Tomb:1   | Noticed a greater mummy
 70697 | Tomb:1   | Killed a greater mummy
 70882 | Tomb:1   | Noticed a greater mummy
 70883 | Tomb:1   | Noticed a greater mummy
 70892 | Tomb:1   | Killed a greater mummy
 71179 | Tomb:1   | Killed a greater mummy
 71179 | Tomb:1   | Reached skill level 5 in Spellcasting
 71213 | Tomb:1   | Noticed a greater mummy
 71225 | Tomb:1   | Killed a greater mummy
 71379 | Tomb:1   | Noticed a greater mummy
 71398 | Tomb:1   | Killed a greater mummy
 71413 | Tomb:1   | Noticed a greater mummy
 71619 | Tomb:1   | Noticed a greater mummy
 71920 | Tomb:1   | Killed a greater mummy
 72196 | Tomb:1   | Noticed a greater mummy
 72205 | Tomb:1   | Killed a greater mummy
 72205 | Tomb:1   | Reached skill level 22 in Axes
 72253 | Tomb:1   | Noticed a greater mummy
 72264 | Tomb:1   | Killed a greater mummy
 72264 | Tomb:1   | Reached skill level 5 in Transmutations
 72521 | Tomb:1   | Noticed a greater mummy
 72615 | Tomb:1   | Killed a greater mummy
 72615 | Tomb:1   | Gained mutation: A frigid envelope surrounds you and freezes all who hurt you. [demonic ancestry]
 72615 | Tomb:1   | Reached XP level 27. HP: 214/265 MP: 31/31
 72709 | Tomb:1   | Noticed a greater mummy
 72721 | Tomb:1   | Killed a greater mummy
 72801 | Tomb:1   | Killed a greater mummy
 72823 | Tomb:1   | Killed a greater mummy
 72946 | Tomb:1   | Noticed a greater mummy
 72958 | Tomb:1   | Killed a greater mummy
 73401 | Tomb:3   | Entered Level 3 of the Tomb of the Ancients
 73422 | Tomb:3   | Noticed a greater mummy
 73424 | Tomb:3   | Noticed a greater mummy
 73424 | Tomb:3   | Noticed Khufu
 73429 | Tomb:3   | Noticed a greater mummy
 73437 | Tomb:3   | Killed a greater mummy
 73474 | Tomb:3   | Killed a greater mummy
 73497 | Tomb:3   | HP: 6/267 [ushabti] (12)]
 73497 | Tomb:3   | Killed from afar by a greater mummy

Skill      XL: |  1  2  3  4  5  6  7  8  9 10 11 12 13 14 15 16 17 18 19 20 21 22 23 24 25 26 27 |
---------------+----------------------------------------------------------------------------------+-----
Axes           | 3 4 5 6 7 8 10 11 12 13 14 16 17 18 19 20 21 22 | 22.2
Armour         | 2 3 4 5 6 7 8 10 11 12 13 14 15 16 17 18 19 20 | 20.1
Fighting       | 4 5 6 7 8 9 10 11 12 14 15 16 17 18 19 20 | 20.1
Stealth        | 2 3 4 6 7 8 10 | 10.8
Shields        | 2 4 7 9 10 11 | 11.8
Evocations     | 2 4 6 7 9 10 | 10.0
Maces & Flails | 2 |  2.8
Dodging        | 3 6 7 9 10 12 13 14 15 16 18 19 | 19.2
Necromancy     | 10 14 | 14.3
Spellcasting   | 5 7 |  7.0
Transmutations | 5 6 |  6.4

Action                   |  1- 3 |  4- 6 |  7- 9 | 10-12 | 13-15 | 16-18 | 19-21 | 22-24 | 25-27 || total
-------------------------+-------+-------+-------+-------+-------+-------+-------+-------+-------++-------
Melee: Hand axe          |    75 |   163 |   352 |    53 |       |       |       |       |       ||   643
       Headbutt          |     7 |    30 |    95 |   158 |   407 |   390 |   630 |   535 |   496 ||  2748
       Flail             |       |     7 |       |       |       |       |       |       |       ||     7
       War axe           |       |       |       |   595 |  1191 |   444 |   781 |       |       ||  3011
       Whip              |       |       |       |       |   188 |       |       |       |       ||   188
       Kick              |       |       |       |       |   491 |   637 |   995 |   852 |   809 ||  3784
       Executioner's axe |       |       |       |       |    31 |   919 |       |       |       ||   950
       Broad axe         |       |       |       |       |       |       |   930 |  1432 |  1339 ||  3701
Throw: Javelin           |       |       |     4 |     3 |    21 |    26 |       |       |       ||    54
 Cast: Animate Dead      |       |       |       |       |       |       |       |       |     2 ||     2
Invok: Receive Necronomi |       |       |       |       |       |     1 |       |       |       ||     1
 Abil: Blink             |       |       |       |     4 |       |       |       |       |     1 ||     5
       Evoke Invisibilit |       |       |       |     2 |    10 |     4 |     2 |       |       ||    18
       Evoke Flight      |       |       |       |       |     1 |    12 |    35 |       |       ||    48
Evoke: Wand              |       |       |       |     6 |    12 |     9 |       |     1 |       ||    28
       Lamp of fire      |       |       |       |     1 |     2 |     1 |       |       |       ||     4
       Fan of gales      |       |       |       |     1 |       |       |       |       |       ||     1
       Phial of floods   |       |       |       |       |     1 |       |       |       |       ||     1
  Use: Potion            |     1 |       |     1 |     3 |     5 |     7 |     2 |    10 |     9 ||    38
       Scroll            |       |     7 |     3 |    23 |    12 |    10 |    14 |    15 |    14 ||    98
 Stab: Sleeping          |       |     3 |    12 |     1 |    29 |    42 |    40 |    27 |    23 ||   177
       Paralysed         |       |     1 |     1 |     2 |     3 |       |       |       |     1 ||     8
       Petrifying        |       |       |     2 |       |       |       |       |     1 |       ||     3
       Petrified         |       |       |     8 |       |       |       |    13 |     3 |       ||    24
       Distracted        |       |       |     3 |     4 |    10 |    14 |     9 |     8 |    15 ||    63
       Confused          |       |       |     2 |     4 |     3 |       |       |       |       ||     9
       Invisible         |       |       |       |     5 |    13 |     4 |    25 |       |       ||    47
  Eat: Chunk             |       |     8 |    17 |    20 |    36 |    44 |    42 |    22 |     4 ||   193
       Royal jelly       |       |       |       |     2 |     7 |     4 |     3 |     2 |     1 ||    19
       Fruit             |       |       |       |       |       |       |       |       |    45 ||    45
       Bread ration      |       |       |       |       |       |       |       |       |     1 ||     1
Armor: Leather armour    |    56 |    41 |     1 |       |       |       |       |       |       ||    98
       Ring mail         |       |       |    86 |       |       |       |       |       |       ||    86
       Plate armour      |       |       |    39 |   414 |   247 |       |   510 |   449 |   392 ||  2051
       Fire dragon scale |       |       |       |       |   385 |   849 |     9 |       |       ||  1243
Dodge: Dodged            |    51 |    92 |    99 |   160 |   420 |  1269 |   727 |   653 |   693 ||  4164
Block: Buckler           |       |       |       |   166 |   276 |    80 |   639 |   874 |   818 ||  2853
       Shield            |       |       |       |       |       |    24 |       |       |       ||    24
       Reflection        |       |       |       |       |       |       |    42 |    24 |     9 ||    75
